 Dungeon Crawl Stone Soup version 0.27.1-33-g824d729ab1 (webtiles) character file.

Game seed: 7921591017175964779

732 raph the Cleaver (level 7, -2/61 HPs)
             Began as a Deep Dwarf Fighter on Nov 27, 2021.
             Was an Initiate of Makhleb.
             Slain by Pikel (18 damage)
             ... on level 5 of the Dungeon.
             The game lasted 00:07:51 (4623 turns).

raph the Cleaver (Deep Dwarf Fighter)               Turns: 4623, Time: 00:07:52

Health: -2/61      AC: 10    Str: 19    XL:     7   Next: 45%
Magic:  5/5        EV:  9    Int:  9    God:    Makhleb [......]
Gold:   154        SH:  0    Dex: 14    Spells: 6/6 levels left

rFire    . . .     SeeInvis +   a - +0 war axe
rCold    . . .     Faith    .   (no shield)
rNeg     . . .     Spirit   .   i - +0 scale mail
rPois    .         Reflect  .   (no helmet)
rElec    .         Harm     .   d - +2 cloak
rCorr    .         Rampage  .   (no gloves)
Will     +....                  (no boots)
Stlth    ..........             (no amulet)
HPRegen  0.00/turn              e - ring of see invisible
MPRegen  0.09/turn              (no ring)

@: no status effects
A: damage resistance, heal wounds, sense surroundings 1, no regeneration
a: Heal Wounds, Renounce Religion


You were on level 5 of the Dungeon.
You worshipped Makhleb.
Makhleb was noncommittal.
You visited 2 branches of the dungeon, and saw 6 of its levels.

You collected 154 gold pieces.

Inventory:

Hand Weapons
 a - a +0 war axe (weapon)
 b - a +0 hunting sling
Missiles
 j - 47 sling bullets
Armour
 c - a +0 kite shield
 d - a +2 cloak (worn)
 i - a +0 scale mail (worn)
Jewellery
 e - a ring of see invisible (left hand)
Scrolls
 g - a scroll of teleportation
 m - a scroll of enchant armour
Potions
 f - 2 potions of curing
 h - a potion of heal wounds {unknown}
 k - a potion of ambrosia {unknown}
 l - a potion of magic {unknown}
 n - a potion of berserk rage {unknown}


   Skills:
 - Level 2.6 Fighting
 * Level 8.3 Axes
 + Level 4.0 Slings
 - Level 3.2 Armour
 - Level 3.2 Shields


You had 6 spell levels left.
You didn't know any spells.
Your spell library contained the following spells:

 Spells                   Type           Power      Damage    Failure   Level
 Apportation              Tloc           0%         N/A       75%         1
 Alistair's Intoxication  Tmut/Pois      0%         N/A       100%        5
 Invisibility             Hex            0%         N/A       100%        6


Dungeon Overview and Level Annotations

Branches:
Dungeon (5/15)             Temple (1/1) D:5

Altars:
Ashenzari
Dithmenos
Elyvilon
Fedhas
Gozag
Hepliaklqana
Kikubaaqudgha
Makhleb
Nemelex Xobeh
Okawaru
Qazlal
Ru
Sif Muna
Trog
Uskayaw
Vehumet
Wu Jian
Xom
Yredelemnul
Zin
The Shining One

Annotations:
D:4 Duvessa
D:5 Pikel


Innate Abilities, Weirdness & Mutations

You are resistant to damage.
You can heal yourself by infusing magical energy.
You passively map a small area around you.
You do not regenerate.


Message History

Aim: Pikel, wielding a +2 whip of electrocution and wearing a +2 robe of willpower (55% to hit)
You shoot a sling bullet. The sling bullet misses Pikel.
Fire: 52 sling bullets
Press: ? - help, Q - select action, (/) - cycle Shift-Dir - straight line, f/p - Pikel
Aim: Pikel, wielding a +2 whip of electrocution and wearing a +2 robe of willpower (55% to hit)
You shoot a sling bullet. The sling bullet hits Pikel.
Pikel is lightly wounded.
A lemure comes into view.
Fire: 51 sling bullets
Press: ? - help, Q - select action, (/) - cycle Shift-Dir - straight line, f/p - Pikel
Aim: Pikel, wielding a +2 whip of electrocution and wearing a +2 robe of willpower (lightly wounded, 55% to hit)
You shoot a sling bullet. The lemure shouts!
The sling bullet hits Pikel.
Pikel is moderately wounded.
Fire: 50 sling bullets
Press: ? - help, Q - select action, (/) - cycle Shift-Dir - straight line, f/p - Pikel
Aim: Pikel, wielding a +2 whip of electrocution and wearing a +2 robe of willpower (moderately wounded, 55% to hit)
You shoot a sling bullet. The sling bullet barely misses Pikel.
Fire: 49 sling bullets
Press: ? - help, Q - select action, (/) - cycle Shift-Dir - straight line, f/p - Pikel
Aim: Pikel, wielding a +2 whip of electrocution and wearing a +2 robe of willpower (moderately wounded, 55% to hit)
You shoot a sling bullet. The sling bullet closely misses Pikel.
Fire: 48 sling bullets
Press: ? - help, Q - select action, (/) - cycle Shift-Dir - straight line, f/p - Pikel
Aim: Pikel, wielding a +2 whip of electrocution and wearing a +2 robe of willpower (moderately wounded, 55% to hit)
You shoot a sling bullet. The sling bullet barely misses Pikel.
The sling bullet completely misses the lemure.
a - a +0 war axe (weapon)
Pikel hits you but does no damage.
You are electrocuted!
Okay, then.
You hit Pikel but do no damage.
Pikel is moderately wounded.
Pikel hits you with a +2 whip of electrocution.
You closely miss Pikel.
Pikel is moderately wounded.
Pikel hits you with a +2 whip of electrocution!
* * * LOW HITPOINT WARNING * * *
You are electrocuted!!
You die...

*
.....5..................
, .....
#.#**#............
......#.# #.#########.#
,......#.# #.# #...... *
* ......#.####.# #.###..
'
.............#####.#....
* *
.....>........)).)......
*
....##.##########.#....
* ,.,, #@#** * ###.....#
#K# , ,, ......... , #5#
, , ........# #(# *
#######.# ,, ,, , ... ,
, #.# , , ,... , , #.#
((. , *#.# ..(.., , #.#
, , #.#


You could see Pikel and a lemure.

Vanquished Creatures
  2 water moccasins
  A necrophage (D:5)
  A centaur (D:5)
  2 lemures (D:5)
  A scorpion (D:5)
  A bullfrog zombie (D:4)
  A hound (D:5)
  Crazy Yiuf (D:3)
  A centaur skeleton (D:3)
  6 gnolls
  3 adders
  An orc (D:2)
  8 bats
  10 endoplasms
  4 giant cockroaches (D:1)
  5 goblins
  7 hobgoblins
  7 jackals
  6 kobolds
  6 quokkas
  4 ball pythons
  8 rats
86 creatures vanquished.

Vanquished Creatures (others)
  5 withered plants (D:1)
5 creatures vanquished.

Grand Total: 91 creatures vanquished

Notes
Turn   | Place    | Note
-------+----------+-------------------------------------------
     0 | D:1      | raph the Deep Dwarf Fighter began the quest for the Orb.
     0 | D:1      | Reached XP level 1. HP: 20/20 MP: 1/1
    84 | D:1      | Reached skill level 3 in Axes
    85 | D:1      | Reached XP level 2. HP: 25/27 MP: 2/2
   451 | D:1      | Found a faded altar of an unknown god.
   467 | D:1      | Reached XP level 3. HP: 30/33 MP: 3/3
   676 | D:1      | Reached skill level 4 in Axes
  1389 | D:2      | Found an ornate altar of the Wu Jian Council.
  1921 | D:3      | Reached XP level 4. HP: 29/40 MP: 4/4
  1922 | D:3      | Reached skill level 5 in Axes
  3071 | D:3      | Found a runed translucent door.
  3072 | D:3      | Noticed Crazy Yiuf
  3084 | D:3      | Killed Crazy Yiuf
  3085 | D:3      | Reached XP level 5. HP: 12/46 MP: 0/4
  3460 | D:4      | Noticed a water moccasin
  3468 | D:4      | Killed a water moccasin
  3469 | D:4      | Reached skill level 6 in Axes
  3469 | D:4      | Reached XP level 6. HP: 21/55 MP: 5/5
  3739 | D:4      | Noticed Duvessa
  3758 | D:5      | Entered Level 5 of the Dungeon
  3788 | D:5      | Found a staircase to the Ecumenical Temple.
  3798 | D:5      | Reached skill level 7 in Axes
  3818 | Temple   | Entered the Ecumenical Temple
  3982 | Temple   | Became a worshipper of Makhleb the Destroyer
  4045 | D:5      | Reached XP level 7. HP: 23/61 MP: 5/5
  4150 | D:5      | Reached skill level 8 in Axes
  4613 | D:5      | Noticed Pikel
  4623 | D:5      | Slain by Pikel

Illustrated notes

Levels and vault maps discovered:
D:1:      psy_arrival_whirlpool, layout_loops_ring,
          ebering_ecumenical_altar_petrified
D:2:      layout_basic, basic_altar
D:3:      layout_loops_cross, kennysheep_small_spiral, uniq_crazy_yiuf_cottage
D:4:      layout_rooms, minmay_door_square, kennysheep_generic_room_3,
          uniq_duvessa
D:5:      layout_basic, minmay_temple_entry_stoned_glass, uniq_pikel
Temple:   minmay_crystal_snake_temple

Skill      XL: |  1  2  3  4  5  6  7 |
---------------+----------------------+-----
Axes           | 3 4 5 6 7 8 |  8.3
Slings         | 2 3 4 |  4.0
Fighting       | |  2.6
Armour         | |  3.2
Shields        | |  3.2

Action                   |  1- 3 |  4- 6 |  7- 9 || total
-------------------------+-------+-------+-------++-------
Melee: War axe           |   103 |   109 |    37 ||   249
 Fire: Hunting sling     |    13 |    35 |    25 ||    73
 Abil: Heal Wounds       |       |     4 |     2 ||     6
  Use: Scroll            |     2 |     7 |     2 ||    11
       Potion            |       |     1 |       ||     1
Armor: Scale mail        |    89 |    74 |    17 ||   180
Dodge: Dodged            |    64 |    52 |    15 ||   131
